 Dungeon Crawl Stone Soup version 0.19-a0-1717-gc7c1317 (webtiles) character file.

53 Musica the Shield-Bearer (level 4, 0/37 HPs)
             Began as a Formicid Fighter on Sept 29, 2016.
             Was a Follower of Zin.
             Killed by divine providence
             ... invoked by an orc priest
              (15 damage)
             ... on level 3 of the Dungeon.
             The game lasted 00:06:35 (1159 turns).

Musica the Shield-Bearer (Formicid Fighter)         Turns: 1159, Time: 00:06:36

Health: 0/37       AC:  7    Str: 25    XL:     4   Next: 10%
Magic:  4/4        EV:  8    Int:  8    God:    Zin [*.....]
Gold:   58         SH: 10    Dex: 11    Spells: 0 memorised, 3 levels left

rFire  . . .     SeeInvis +     a - +0 trident
rCold  . . .     Gourm    .     b - +0 scale mail
rNeg   . . .     Faith    .     c - +0 shield
rPois  .         Spirit   .     (helmet unavailable)
rElec  .         Dismiss  .     (no cloak)
rCorr  .         Reflect  .     (no gloves)
MR     .....     Harm     .     (no boots)
Stlth  ..........               (no amulet)
                                (no ring)
                                (no ring)

@: mighty
A: permanent stasis, dig shafts and tunnels, four strong arms, antennae 3
a: Dig, Shaft Self, Recite, Donate Gold, Renounce Religion


You were on level 3 of the Dungeon.
You worshipped Zin.
Zin was aware of your devotion.
You were not hungry.

You visited 1 branch of the dungeon, and saw 3 of its levels.

You collected 108 gold pieces.
You donated 50 gold pieces to Zin.

Inventory:

Hand Weapons
 a - a +0 trident (weapon)
Missiles
 r - 2 needles of sleeping
Armour
 b - a +0 scale mail (worn)
 c - a +0 shield (worn)
Jewellery
 h - an uncursed ring of protection from fire
 l - an uncursed amulet of faith
Scrolls
 e - 2 scrolls of immolation {unknown}
 j - a scroll of amnesia {unknown}
 m - 2 scrolls of fear {unknown}
 t - a scroll of teleportation {unknown}
Potions
 g - a potion of heal wounds
 i - a potion of lignification
 n - a potion of degeneration {unknown}
 p - a potion of resistance {unknown}
 q - 2 potions of invisibility {unknown}
Comestibles
 f - 3 bread rations
 k - a royal jelly
 o - 2 meat rations
 s - 3 fruits


   Skills:
 + Level 4.1 Fighting
 + Level 2.7 Polearms
 - Level 3.2 Armour
 + Level 4.3 Shields


You had 3 spell levels left.
You didn't know any spells.

Dungeon Overview and Level Annotations

Branches:
Dungeon (3/15)

Altars:
Zin


Innate Abilities, Weirdness & Mutations

You are under a permanent stasis effect.
You can dig through walls and to a lower floor.
Your four strong arms can wield two-handed weapons with a shield.
You have a pair of large antennae on your head. (SInv)


Message History

You closely miss the orc. You block the orc's attack.
The orc closely misses you. You block the orc's attack. x2
You puncture the orc priest!
The orc priest is almost dead.
The orc barely misses you.
The orc priest hits you but does no damage.
The orc closely misses you. The orc completely misses you.
You block the orc's attack. The orc hits you but does no damage.
You feel very mighty all of a sudden.
The orc priest invokes the aid of Beogh against you.
Pain shoots through your body! The orc hits you.
The orc hits you but does no damage. x2
The orc hits you with a hand axe.
Found a stone staircase leading up.
You barely miss the orc priest.
The orc priest is almost dead.
You block the orc's attack. You block the orc priest's attack.
The orc priest invokes the aid of Beogh against you.
Beogh smites you!
You die...

<. ..####
.. .....#
{..#....#
##..#....#
.. .....
.. ... #.
#.#
#.##@###
#..ooo.#
#..oo..#
##.<...#
#...).#
#...(.#
......#
##.....#
......#


You could see an orc priest and 4 orcs.

Vanquished Creatures
  An adder (D:2)
  A worm (D:2)
  A dart slug (D:1)
  2 leopard geckos (D:1)
  5 giant cockroaches
  2 hobgoblins
  4 jackals (D:1)
  4 kobolds (D:2)
  A ball python (D:1)
  3 bats (D:1)
  4 frilled lizards
  4 goblins
  4 rats
36 creatures vanquished.

Vanquished Creatures (others)
  5 toadstools (D:1)
5 creatures vanquished.

Grand Total: 41 creatures vanquished

Notes
Turn   | Place    | Note
-------+----------+-------------------------------------------
     0 | D:1      | Musica the Formicid Fighter began the quest for the Orb.
     0 | D:1      | Reached XP level 1. HP: 18/18 MP: 1/1
    93 | D:1      | Reached XP level 2. HP: 24/24 MP: 2/2
   289 | D:1      | Reached XP level 3. HP: 23/30 MP: 3/3
   805 | D:2      | Reached XP level 4. HP: 25/37 MP: 4/4
   919 | D:2      | Found a glowing silver altar of Zin.
   933 | D:2      | Became a worshipper of Zin the Law-Giver
   935 | D:2      | Donated 40 gold pieces to Zin
  1006 | D:2      | Reached * piety under Zin
  1159 | D:3      | Killed from afar by an orc priest

Vault maps used:
D:1:      ldierk_walled_garden
D:2:      minmay_door_path, overflow_temple_1_default, first_bread
D:3:      gup_sewer_entry_spiral, kennysheep_generic_room_8

Skill      XL: |  1  2  3 |
---------------+----------+-----
Shields        | 4 |  4.3
Fighting       | 4 |  4.1
Polearms       | |  2.7
Armour         | |  3.2

Action                   |  1- 3 |  4- 6 || total
-------------------------+-------+-------++-------
Melee: Trident           |   110 |    18 ||   128
Invok: Donate Gold       |       |     2 ||     2
  Use: Potion            |       |     3 ||     3
  Eat: Chunk             |       |     1 ||     1
Armor: Scale mail        |    38 |     8 ||    46
       Skin              |       |     1 ||     1
Dodge: Dodged            |    35 |     6 ||    41
Block: Shield            |    34 |    10 ||    44
